 Dungeon Crawl Stone Soup version 0.23.1 (webtiles) character file.

Game seed: 9996406843896115919

71 Borgoz the Ruffian (level 4, -3/40 HPs)
             Began as a Ghoul Monk on Mar 7, 2019.
             Slain by an adder (5 damage)
             ... on level 2 of the Dungeon.
             The game lasted 00:02:09 (735 turns).

Borgoz the Ruffian (Ghoul Monk)                      Turns: 735, Time: 00:02:10

Health: -3/40      AC:  2    Str: 14    XL:     4   Next: 24%
Magic:  3/3        EV: 13    Int:  6    God:
Gold:   25         SH:  0    Dex: 11    Spells: 3/3 levels left

rFire    . . .     SeeInvis .     - Unarmed
rCold    + . .     Gourm    .   (no shield)
rNeg     + + +     Faith    .   a - +0 robe
rPois    ∞         Spirit   .   (no helmet)
rElec    .         Reflect  .   (no cloak)
rCorr    .         Harm     .   (no gloves)
MR       .....                  (no boots)
Stlth    ++........             (no amulet)
HPRegen  0.00/turn              (no ring)
MPRegen  0.08/turn              (no ring)

@: rotting
A: rotting body, claws 1, carnivore, cold resistance 1, negative energy
resistance 3, inhibited regeneration, torment resistance, unbreathing
a: no special abilities


You were on level 2 of the Dungeon.
You were not hungry.

You visited 1 branch of the dungeon, and saw 2 of its levels.

You collected 25 gold pieces.

Inventory:

Armour
 a - a +0 robe (worn)
Scrolls
 d - 2 scrolls of identify {unknown}
 e - a scroll of remove curse {unknown}
Comestibles
 b - 3 rations


   Skills:
 + Level 3.9 Fighting
 + Level 1.4 Armour
 + Level 3.2 Dodging
 - Level 2.1 Stealth
 + Level 3.9 Unarmed Combat


You had 3 spell levels left.
You didn't know any spells.
Your spell library was empty.

Dungeon Overview and Level Annotations

Branches:
Dungeon (2/15)

Altars:


Innate Abilities, Weirdness & Mutations

Your body is rotting away.
You thrive on raw meat.
You are immune to poison.
You have sharp fingernails.
You are carnivorous and can eat meat at any time.
Your flesh is cold resistant. (rC+)
You are immune to negative energy. (rN+++)
You do not regenerate when monsters are visible.
You are immune to unholy pain and torment.
You can survive without breathing.


Message History

The centaur barely misses you. The kobold barely misses you.
The adder barely misses you. The centaur hits you.
You closely miss the adder.
The adder is lightly wounded.
The adder bites you.
* * * LOW HITPOINT WARNING * * *
The kobold hits you but does no damage. The centaur completely misses you.
You aren't carrying any potions.
Eat a chunk of flesh? (ye/n/q)
You eat the chunk of flesh.
This raw flesh tastes great!
The adder bites you. The centaur hits you.
* * * LOW HITPOINT WARNING * * *
The kobold misses you. The adder bites you.
* * * LOW HITPOINT WARNING * * *
You miss the adder.
The adder is lightly wounded.
The centaur hits you.
* * * LOW HITPOINT WARNING * * *
The kobold completely misses you. The adder bites you.
You die...

...... .......
......#..### ....####
..........$ .......
##........# #...##
#.........##########...##
............÷............
#.........##########...
..###...c.................
.......÷K@(...............
........S†###.............
###...........#..........#
#..###.......#..........#
#.. #.......# ..........
.. .................... .
.#.......#..........#
.##.......# #.#.#.### ....


You could see a centaur, an adder and a kobold.

Vanquished Creatures
  3 adders (D:2)
  An ooze (D:1)
  2 dart slugs
  A leopard gecko (D:2)
  2 giant cockroaches (D:1)
  6 goblins
  3 hobgoblins (D:1)
  4 jackals (D:1)
  A quokka (D:1)
  3 bats
  3 frilled lizards (D:1)
  2 kobolds
  5 rats
36 creatures vanquished.

Notes
Turn   | Place    | Note
-------+----------+-------------------------------------------
     0 | D:1      | Borgoz the Ghoul Monk began the quest for the Orb.
     0 | D:1      | Reached XP level 1. HP: 19/19 MP: 0/0
   131 | D:1      | Reached XP level 2. HP: 26/26 MP: 1/1
   340 | D:1      | Reached skill level 1 in Armour
   340 | D:1      | Reached XP level 3. HP: 14/31 MP: 2/2
   640 | D:2      | HP: 1/33 [leopard gecko (4)]
   688 | D:2      | Reached XP level 4. HP: 26/40 MP: 3/3
   693 | D:2      | Noticed a centaur
   735 | D:2      | HP: 2/40 [centaur (4)]
   735 | D:2      | Slain by an adder

Skill      XL: |  1  2 |
---------------+-------+-----
Armour         | 1 |  1.4
Dodging        | 3 |  3.2
Fighting       | |  3.9
Stealth        | |  2.1
Unarmed Combat | |  3.9

Action                   |  1- 3 |  4- 6 || total
-------------------------+-------+-------++-------
Melee: Unarmed           |   138 |    23 ||   161
       Punch             |       |     1 ||     1
  Use: Potion            |       |     1 ||     1
 Stab: Sleeping          |     2 |       ||     2
  Eat: Chunk             |    18 |     8 ||    26
Armor: Robe              |    16 |     7 ||    23
Dodge: Dodged            |   100 |    45 ||   145
